 Dungeon Crawl Stone Soup version 0.29-a0-1008-g949cc1d0fb (webtiles) character file.

Game seed: 12792918300564240898

554 inmateoo the Chopper (level 7, -6/61 HPs)
             Began as a Minotaur Fighter on Aug 7, 2022.
             Was a Follower of Okawaru.
             Mangled by Edmund
             ... wielding a +1 dire flail of protection
              (19 damage)
             ... on level 5 of the Dungeon.
             The game lasted 00:02:22 (3243 turns).

inmateoo the Chopper (Minotaur Fighter)             Turns: 3243, Time: 00:02:23

Health: -6/61      AC: 11    Str: 21    XL:     7   Next: 8%
Magic:  15/15      EV: 11    Int:  5    God:    Okawaru [*.....]
Gold:   224        SH:  5    Dex: 11    Spells: 6/6 levels left

rFire   . . .      SeeInvis .   a - +0 war axe
rCold   . . .      Faith    .   c - +0 buckler
rNeg    . . .      Spirit   .   f - +0 chain mail
rPois   .          Reflect  .   (helmet restricted)
rElec   .          Harm     .   t - +0 cloak
rCorr   .          Rampage  .   (no gloves)
Will    .....                   (no boots)
Stlth   ..........              (no amulet)
HPRegen 0.20/turn               r - ring of magical power
MPRegen 0.14/turn               u - +4 ring of evasion

@: mighty
A: horns 2, retaliatory headbutt
a: Renounce Religion, Heroism


You were on level 5 of the Dungeon.
You worshipped Okawaru.
Okawaru was aware of your devotion.
You visited 1 branch of the dungeon, and saw 5 of its levels.

You collected 224 gold pieces.

Inventory:

Hand Weapons
 a - a +0 war axe (weapon)
 i - a +2 whip of venom
Armour
 c - a +0 buckler (worn)
 f - a +0 chain mail (worn)
 t - a +0 cloak (worn)
Jewellery
 r - a ring of magical power (left hand)
 u - a +4 ring of evasion (right hand)
Wands
 q - a wand of charming (19) (quivered)
 v - a wand of digging (6)
Scrolls
 h - 2 scrolls of noise
 j - a scroll of silence {unknown}
 l - a scroll of amnesia {unknown}
 o - 3 scrolls of identify
 w - a scroll of butterflies {unknown}
 x - a scroll of torment {unknown}
 y - a scroll of enchant armour {unknown}
Potions
 b - 2 potions of resistance {unknown}
 d - 2 potions of might
 e - 2 potions of cancellation {unknown}
 g - 3 potions of curing
 k - 2 potions of degeneration {unknown}
 m - 2 potions of attraction {unknown}
 n - a potion of flight {unknown}
 p - a potion of heal wounds
 s - a potion of invisibility {unknown}


   Skills:
 + Level 5.4 Fighting
 * Level 6.2 Axes
 + Level 5.3 Armour
 + Level 5.3 Shields


You had 6 spell levels left.
You didn't know any spells.
Your spell library contained the following spells:

 Spells                   Type           Power      Damage    Failure   Level
 Sandblast                Erth           0%         2d4       99%         1
 Passwall                 Tmut/Erth      0%         N/A       100%        2
 Stone Arrow              Conj/Erth      0%         3d7       100%        3
 Lehudib's Crystal Spear  Conj/Erth      0%         10d2      100%        8
 Animate Armour           Summ/Erth      Unusable   N/A       N/A         4

Dungeon Overview and Level Annotations

Branches:
Dungeon (5/15)
 Temple: D:4-7

Altars:
Makhleb
Okawaru

Shops:
D:1 *

Annotations:
D:5 1 transporter, Edmund; Megustar's ghost, amateur DEFE


Innate Abilities, Weirdness & Mutations

You have a pair of horns on your head.
You reflexively headbutt those who attack you in melee.


Message History

You hit Edmund. You headbutt Edmund, but do no damage.
Edmund is heavily wounded.
Edmund hits you with a +1 dire flail of protection! x2
* * * LOW HITPOINT WARNING * * *
You are too injured to fight recklessly!
You hit Edmund but do no damage.
Edmund is heavily wounded.
Edmund barely misses you.
Okay, then.
Okay, then.
It was a potion of curing.
You feel better. You block Edmund's attack.
Okay, then.
Okay, then.
Unknown command.
That item cannot be used by those who cannot gain allies!
Okay, then.
Unknown command.
Okay, then.
As you read the scroll labelled RACACIP BIEPT, it crumbles to dust.
It is a scroll of identify.
h - 2 scrolls of noise Edmund completely misses you.
You furiously retaliate!
You headbutt Edmund!
Okay, then.
It was a potion of heal wounds.
You feel much better. You block Edmund's attack.
You feel very mighty all of a sudden. Edmund misses you.
You hit Edmund.
Edmund is severely wounded.
Edmund hits you with a +1 dire flail of protection.
You barely miss Edmund. Your headbutt misses Edmund.
Edmund is severely wounded.
Edmund hits you with a +1 dire flail of protection!
You slash Edmund!
Edmund is almost dead.
Edmund hits you with a +1 dire flail of protection!
* * * LOW HITPOINT WARNING * * *
Edmund says, "People think my brother is the best.
I think he's crazy."
Edmund hits you with a +1 dire flail of protection!!
You die...

.. .. ## #..... .###.#
..≈≈≈.. ...... .#...#
....... #...... ....#
..... ##..(.... †).#
###...###........ ...##
#.#...#.........#
....####.#...#...@..>.#
.......#.##.##..@.#
.............#..###
............#..##
..................#
.....................
...)............#...#
...............##...#
..............## ...
.............## #.


You could see Edmund (strong).

Vanquished Creatures
  A phantom (D:4)
  A necrophage (D:5)
  A bullfrog (D:5)
  2 hounds
  A jelly (D:5)
  Crazy Yiuf (D:3)
  2 iguanas
  2 orc wizards (D:4)
  7 adders
  An ufetubus (D:5)
  2 worms (D:3)
  3 dart slugs
  7 orcs
  5 endoplasms
  7 goblins
  2 hobgoblins (D:4)
  6 jackals
  4 quokkas
  6 ball pythons
  4 bats
  5 frilled lizards
  3 kobolds
  6 rats
79 creatures vanquished.

Notes
Turn   | Place    | Note
-------+----------+-------------------------------------------
     0 | D:1      | inmateoo the Minotaur Fighter began the quest for the Orb.
     0 | D:1      | Reached XP level 1. HP: 19/19 MP: 0/0
    24 | D:1      | Found Vihisch's General Store.
   217 | D:1      | Reached XP level 2. HP: 26/27 MP: 1/1
   305 | D:1      | Reached skill level 3 in Axes
   769 | D:2      | Found a burning altar of Makhleb.
   882 | D:2      | Reached XP level 3. HP: 33/33 MP: 2/2
  1700 | D:3      | Found a runed translucent door.
  1701 | D:3      | Noticed Crazy Yiuf
  1798 | D:3      | Found a faded altar of an unknown god.
  2069 | D:3      | Killed Crazy Yiuf
  2070 | D:3      | Reached skill level 4 in Axes
  2070 | D:3      | Reached XP level 4. HP: 18/40 MP: 3/3
  2318 | D:4      | Reached XP level 5. HP: 47/47 MP: 4/4
  2454 | D:4      | Found an iron altar of Okawaru.
  2484 | D:4      | Became a worshipper of Warmaster Okawaru
  2496 | D:4      | Reached skill level 5 in Axes
  2736 | D:4      | Noticed a phantom
  2748 | D:4      | Killed a phantom
  2749 | D:4      | Reached XP level 6. HP: 55/55 MP: 5/5
  2886 | D:4      | Found a burning altar of Makhleb.
  2931 | D:5      | Entered Level 5 of the Dungeon
  2948 | D:5      | Reached skill level 5 in Fighting
  2948 | D:5      | Reached skill level 5 in Armour
  2948 | D:5      | Reached skill level 5 in Shields
  2951 | D:5      | Reached * piety under Okawaru
  3017 | D:5      | Reached skill level 6 in Axes
  3019 | D:5      | Reached XP level 7. HP: 39/61 MP: 6/6
  3201 | D:5      | Found a transporter.
  3202 | D:5      | Noticed Megustar's ghost (amateur DEFE)
  3225 | D:5      | Noticed Edmund
  3243 | D:5      | Mangled by Edmund

Illustrated notes

Levels and vault maps discovered:
D:1:      psy_arrival_spokes, layout_basic, serial_shops, nicolae_square_shop
D:2:      layout_loops_ring, basic_altar
D:3:      layout_loops_ring, chequers_ecumenical_altar_grove,
          uniq_crazy_yiuf_cottage
D:4:      layout_rooms, makhleb_blood_cavern_becter, okawaru_gym_becter
D:5:      layout_rooms, tgw_sif, nicolae_uskayaw_murder_on_the_dancefloor,
          minmay_temple_entry_waves, gammafunk_ghost_smash, hex_medium,
          uniq_edmund

Skill      XL: |  1  2  3  4  5  6 |
---------------+-------------------+-----
Axes           | 3 4 5 6 |  6.2
Shields        | 4 5 |  5.3
Armour         | 4 5 |  5.3
Fighting       | 4 5 |  5.4

Action                   |  1- 3 |  4- 6 |  7- 9 || total
-------------------------+-------+-------+-------++-------
Melee: War axe           |    78 |    82 |    19 ||   179
       Headbutt          |     6 |    11 |     6 ||    23
  Use: Potion            |       |       |     3 ||     3
       Scroll            |       |       |     1 ||     1
Armor: Scale mail        |    16 |       |       ||    16
       Chain mail        |    21 |    57 |     4 ||    82
Dodge: Dodged            |    36 |    54 |    13 ||   103
Block: Buckler           |    19 |    32 |     5 ||    56

Table legend: (Time is in decaauts)
 A = Elapsed time spent in this place.
 B = Non-inter-level travel time spent in this place.
 C = Inter-level travel time spent in this place.
 D = Time resting spent in this place.
 E = Time spent auto-exploring this place.
 F = Levels seen in this place.
 G = Mean time per level.
                   A        B        C        D        E       F      G
               +--------+--------+--------+--------+--------+-----+--------+
         Total |   3299 |   3154 |    145 |    528 |   2117 |   5 |  659.8 |
       Dungeon |   3299 |   3154 |    145 |    528 |   2117 |   5 |  659.8 |
               +--------+--------+--------+--------+--------+-----+--------+

Top non-repeatable levels by time:
     D:3: 932 daAuts
     D:1: 754 daAuts
     D:4: 682 daAuts
     D:2: 610 daAuts
     D:5: 319 daAuts
